 Dungeon Crawl Stone Soup version 0.25-a0-667-gb977e01cb5 (webtiles) character file.

Game seed: 15858410804005525583, levelgen mode: deterministic

53 kae the Gusty (level 3, 0/19 HPs)
             Began as a Tengu Air Elementalist on Mar 27, 2020.
             Succumbed to an adder's poison
             ... on level 2 of the Dungeon.
             The game lasted 00:01:32 (1424 turns).

kae the Gusty (Tengu Air Elementalist)              Turns: 1424, Time: 00:01:33

Health: 0/19       AC:  2    Str:  8    XL:     3   Next: 89%
Magic:  4/7        EV: 12    Int: 16    God:
Gold:   47         SH:  0    Dex: 14    Spells: 6/7 levels left

rFire    . . .     SeeInvis .   h - +1 mace
rCold    . . .     Gourm    .   (no shield)
rNeg     . . .     Faith    .   a - +0 robe
rPois    .         Spirit   .   (helmet restricted)
rElec    .         Reflect  .   (no cloak)
rCorr    .         Harm     .   (no gloves)
MR       .....                  (boots unavailable)
Stlth    ++........             g - amulet of magic regeneration
HPRegen  0.06/turn              (no ring)
MPRegen  0.35/turn              (no ring)

@: lethally poisoned (0 -> -5), very slightly contaminated, invisible
A: beak, talons 3
a: no special abilities


You were on level 2 of the Dungeon.
You were not hungry.

You visited 1 branch of the dungeon, and saw 2 of its levels.

You collected 47 gold pieces.

Inventory:

Hand Weapons
 h - a +1 mace (weapon)
Armour
 a - a +0 robe (worn)
Jewellery
 b - an uncursed amulet of faith
 g - an amulet of magic regeneration (around neck)
Potions
 f - 2 potions of brilliance
Comestibles
 c - 2 rations


   Skills:
 - Level 2.1 Dodging
 - Level 2.0 Stealth
 + Level 2.5 Spellcasting
 * Level 3.5 Conjurations
 + Level 4.6 Air Magic


You had 6 spell levels left.
You knew the following spells:

 Your Spells              Type           Power        Failure   Level  Hunger
a - Shock                 Conj/Air       ###.         3%          1    #......

Your spell library contained the following spells:

 Spells                   Type           Power        Failure   Level  Hunger
 Static Discharge         Conj/Air       ###.....     11%         3    ###....
 Swiftness                Chrm/Air       #.......     12%         2    ##.....
 Airstrike                Air            ###.......   28%         4    #####..
 Lightning Bolt           Conj/Air       ###.......   71%         5    ######.


Dungeon Overview and Level Annotations

Branches:
Dungeon (2/15)

Altars:


Innate Abilities, Weirdness & Mutations

You have a beak for a mouth.
You have claws for feet.


Message History

There is a lethal amount of poison in your body!
There is a lethal amount of poison in your body!
It was a potion of invisibility.
You fade into invisibility!
* * * LOW HITPOINT WARNING * * *
You feel sick.
You are very lightly contaminated with residual magic.
There is a lethal amount of poison in your body!
Okay, then.
Unknown command.
* * * LOW HITPOINT WARNING * * *
You feel sick.
A bat comes into view.
* * * LOW HITPOINT WARNING * * *
You feel sick.
* * * LOW HITPOINT WARNING * * *
You feel sick.
* * * LOW HITPOINT WARNING * * *
You feel sick.
You die...

. # .# ##'#
....#
####....#..
##...8...#..
#..@P.......
#....8.(...
#..8.....#.
#.##....##
#.......#
####.####
#.# #.# #.#


There were no monsters in sight!

Vanquished Creatures
  2 adders (D:2)
  A worm (D:2)
  A dart slug (D:1)
  2 leopard geckos
  A giant cockroach (D:1)
  A goblin (D:1)
  6 hobgoblins (D:1)
  4 jackals (D:2)
  3 bats (D:1)
  A frilled lizard (D:1)
  3 kobolds (D:1)
  2 rats (D:1)
27 creatures vanquished.

Notes
Turn   | Place    | Note
-------+----------+-------------------------------------------
     0 | D:1      | kae the Tengu Air Elementalist began the quest for the Orb.
     0 | D:1      | Reached XP level 1. HP: 10/10 MP: 4/4
   181 | D:1      | Reached XP level 2. HP: 15/15 MP: 4/6
   868 | D:1      | Reached XP level 3. HP: 19/19 MP: 4/7
  1424 | D:2      | Succumbed to an adder's poison

Levels and vault maps discovered:
D:1:      scummos_arrival_forest, layout_loops_corners
D:2:      layout_basic, fedhas_altar_1, grunt_temple_overflow_open,
          serial_undead, serial_undead_f, serial_undead_c, serial_undead_a,
          serial_undead_b

Skill      XL: |  1  2  3 |
---------------+----------+-----
Conjurations   | 2 3 |  3.5
Dodging        | |  2.1
Stealth        | |  2.0
Spellcasting   | |  2.5
Air Magic      | |  4.6

Action                   || total
-------------------------++-------
Melee: Unarmed           ||     6
       Peck              ||     2
       Kick              ||     3
       Mace              ||    12
 Cast: Shock             ||    58
  Use: Scroll            ||     2
       Potion            ||     1
  Eat: Chunk             ||     2
Armor: Robe              ||     7
Dodge: Dodged            ||    24

Table legend:
 A = Non-vault XP
 B = Vault XP
 C = Vault XP percentage of total XP
 D = Non-vault monster count
 E = Vault monster count
 F = Vault count percentage of total count
                 A         B        C        D         E       F
            +---------+---------+-------+---------+---------+-------
      Total |      77 |       0 |   0.0 |      27 |       0 |   0.0
            +---------+---------+-------+---------+---------+-------
        D:1 |      35 |       0 |   0.0 |      19 |       0 |   0.0
        D:2 |      42 |       0 |   0.0 |       8 |       0 |   0.0
            +---------+---------+-------+---------+---------+-------
